 Dungeon Crawl Stone Soup version 0.25-a0-458-g6fc7858b95 (webtiles) character file.

Game seed: 7300938692315492669, levelgen mode: deterministic

9258 Wry the Bludgeoner (level 11, -3/94 HPs)
             Began as a Minotaur Berserker on Feb 2, 2020.
             Was an Elder of Trog.
             Slain by an orc warrior
             ... wielding a +0 glaive
              (10 damage)
             ... on level 1 of the Orcish Mines.
             The game lasted 00:48:39 (9611 turns).

Wry the Bludgeoner (Minotaur Berserker)             Turns: 9611, Time: 00:48:39

Health: -3/94      AC: 15    Str: 23    XL:     11   Next: 20%
Magic:  0/10       EV:  8    Int: 11    God:    Trog [****..]
Gold:   381        SH:  0    Dex: 10    Spells: 10/10 levels left

rFire    . . .     SeeInvis .   U - +6 great mace "Wyheilaf" {drain, rPois Int+7 Dex-2}
rCold    . . .     Gourm    .   (shield currently unavailable)
rNeg     + . .     Faith    .   u - +0 plate armour
rPois    +         Spirit   +   (helmet restricted)
rElec    .         Reflect  .   S - scarf {Spirit}
rCorr    .         Harm     .   N - +0 pair of gloves
MR       ++...                  (no boots)
Stlth    ..........             (no amulet)
HPRegen  1.25/turn              C - ring of positive energy
MPRegen  0.12/turn              (no ring)

@: berserk cooldown, starving, regenerating, slowed, lightly drained, very slow
A: retaliatory headbutt, horns 2
a: Berserk, Trog's Hand, Brothers in Arms, Renounce Religion


You were on level 1 of the Orcish Mines.
You worshipped Trog.
Trog was greatly pleased with you.
You were starving.

You visited 3 branches of the dungeon, and saw 11 of its levels.

You collected 381 gold pieces.

Inventory:

Hand Weapons
 k - a +0 hand axe of flaming
 r - a +3 hunting sling
 v - a +2 scimitar of flaming
 A - the +10 falchion "Unkegeum" {vorpal, rElec Str+5, unknown}
   (You found it on level 8 of the Dungeon)

   It inflicts extra damage upon your enemies.
   It affects your strength (+5).
   It insulates you from electricity.
 G - a +1 flail of protection
 H - a +0 halberd
 I - a +0 hand axe
 K - a +4 flail of holy wrath
 M - a +3 dire flail of flaming
 U - the +6 great mace "Wyheilaf" (weapon) {drain, rPois Int+7 Dex-2}
   (You took it off an ogre on level 5 of the Dungeon)

   A truly terrible weapon, it drains the life of those it strikes.
   It affects your intelligence (+7).
   It affects your dexterity (-2).
   It protects you from poison.
 X - a +5 trident of freezing
Missiles
 m - 4 throwing nets
 p - 57 bolts
 D - 15 boomerangs (quivered)
Armour
 q - a +2 scale mail of cold resistance
 u - a +0 plate armour (worn)
 w - +2 steam dragon scales
 N - a +0 pair of gloves (worn)
 S - a scarf of spirit shield (worn)
 T - a scarf of resistance
 Y - a scarf of resistance
Jewellery
 C - a ring of positive energy (left hand)
Wands
 b - a wand of polymorph (6)
 x - a wand of scattershot (5)
 y - a wand of paralysis (17)
Scrolls
 d - 3 scrolls of remove curse
 e - 8 scrolls of identify {unknown}
 g - 3 scrolls of teleportation {unknown}
 h - a scroll of summoning {unknown}
 i - a scroll of magic mapping {unknown}
 o - 2 scrolls of immolation {unknown}
 s - 2 scrolls of noise {unknown}
 z - 5 scrolls of amnesia {unknown}
 B - 3 scrolls of enchant weapon {unknown}
 L - a scroll of blinking {unknown}
 O - a scroll of random uselessness {unknown}
 P - a scroll of holy word {unknown}
 V - a scroll of enchant armour {unknown}
Potions
 a - a potion of magic {unknown}
 j - 4 potions of curing
 l - 3 potions of brilliance {unknown}
 n - 4 potions of flight {unknown}
 t - 3 potions of lignification {unknown}
 E - 3 potions of ambrosia {unknown}
 F - 3 potions of heal wounds {unknown}
 J - 3 potions of agility {unknown}
 W - a potion of invisibility {unknown}
Comestibles
 c - 17 rations


   Skills:
 + Level 8.3(8.0) Fighting
 * Level 15.3(15.0) Maces & Flails
 + Level 6.5(6.3) Polearms
 + Level 8.8(8.5) Armour
 + Level 3.8(3.5) Dodging
 + Level 1.4(1.2) Stealth
 + Level 0.7(0.5) Unarmed Combat


You had 10 spell levels left.
You didn't know any spells.
Your spell library contained the following spells:

 Spells                   Type           Power        Failure   Level  Hunger
 Corona                   Hex            #......      99%         1    ##.....
 Ensorcelled Hibernation  Hex/Ice        #.....       100%        2    ###....
 Confusing Touch          Hex            #.......     100%        3    ####...
 Dazzling Flash           Conj/Hex       #.....       100%        3    ####...
 Tukima's Dance           Hex            #.......     100%        3    ####...


Dungeon Overview and Level Annotations

Branches:
Dungeon (9/15)             Temple (1/1) D:4             Orc (1/2) D:9
   Lair: D:8-11

Altars:
Ashenzari
Cheibriados
Dithmenos
Elyvilon
Fedhas
Gozag
Hepliaklqana
Kikubaaqudgha
Makhleb
Nemelex Xobeh
Okawaru
Qazlal
Ru
Sif Muna
Trog
Uskayaw
Vehumet
Wu Jian
Xom
Yredelemnul
Zin
The Shining One


Innate Abilities, Weirdness & Mutations

You reflexively headbutt those who attack you in melee.
You have a pair of horns on your head.


Message History

Something smites you!
* * * LOW HITPOINT WARNING * * *
You feel better.
You are covered in liquid flames!
* * * LOW HITPOINT WARNING * * *
The smoke demon disappears in a puff of smoke!
The neqoxec closely misses you.
The orc sorcerer hits you but does no damage.
The orc warrior closely misses you. The neqoxec hits you.
* * * LOW HITPOINT WARNING * * *
The orc sorcerer hits you but does no damage.
As you read the scroll labeled VEOBIT UNAUCH, it crumbles to dust.
You feel blessed for a moment.
It was a scroll of remove curse.
The orc warrior hits you but does no damage.
The neqoxec barely misses you.
The orc sorcerer points at you and mumbles some strange words.
The bolt of negative energy hits you! You partially resist.
You feel drained.
* * * LOW HITPOINT WARNING * * *
The orc warrior hits you from afar with a +0 glaive!
You die...

#.............
........$......
#..............
##.....o........
#.....o........$
#...§oo.$......
#...)oo.......
###.)@3........
##.....)<>......
#...........$...
#.....§))..$....
##..§§#....$....
#^..###........
#.... .........
##... .........
###. .........


You could see a neqoxec, an orc sorcerer, 2 orc warriors, an orc wizard and 2
orcs.

Vanquished Creatures
  Harold (D:7)
  A hydra (D:8)
  A manticore (D:6)
  The ghost of LostGamesStreakFreak the Spear-Bearer, a novice MfGl of Okawaru (D:5)
  Maggie (D:8)
  3 hippogriffs
  2 dream sheep (D:8)
  A wraith (D:6)
  7 yaks
  A hungry ghost (D:8)
  Menkaure (D:5)
  A warg (Orc:1)
  Edmund (D:4)
  2 sky beasts (D:6)
  2 ice beasts (D:5)
  4 orc warriors
  Purgy (D:4)
  A black bear (D:9)
  A phantom (D:5)
  6 ogres
  3 centaurs
  Blork the orc (D:4)
  3 big kobolds (D:8)
  3 bullfrogs
  An elf skeleton (D:7)
  A scorpion (D:8)
  Dowan (D:7)
  5 wights (D:8)
  A crimson imp (D:7)
  4 hounds
  6 orc priests
  10 orc wizards
  2 bullfrog skeletons (D:9)
  3 human skeletons (D:7)
  An iguana (D:8)
  9 worker ants
  Natasha (twice) (D:3)
  Terence (D:3)
  A howler monkey zombie (D:6)
  A worker ant zombie (D:6)
  8 adders
  3 gnolls (D:5)
  A shadow imp (D:6)
  2 oozes (D:1)
  An adder zombie (D:8)
  4 adder skeletons
  3 worms
  5 leopard geckos
  22 orcs
  3 ball pythons
  5 bats
  4 giant cockroaches
  5 goblins
  6 hobgoblins
  4 quokkas
  3 frilled lizards
  5 kobolds
  2 orc skeletons (D:7)
  A quokka skeleton (D:8)
  8 rats
193 creatures vanquished.

Vanquished Creatures (collateral kills)
  An orc sorcerer (Orc:1)
  Duvessa (D:7)
  An orc warrior (Orc:1)
  An orc wizard (Orc:1)
  2 orcs (Orc:1)
6 creatures vanquished.

Grand Total: 199 creatures vanquished

Notes
Turn   | Place    | Note
-------+----------+-------------------------------------------
     0 | D:1      | Wry the Minotaur Berserker began the quest for the Orb.
     0 | D:1      | Reached XP level 1. HP: 19/19 MP: 0/0
    87 | D:1      | Reached XP level 2. HP: 27/27 MP: 1/1
   629 | D:1      | You fall into a shaft and drop 1 floor!
  1124 | D:2      | Reached XP level 3. HP: 33/33 MP: 2/2
  1450 | D:2      | Found a shimmering blue altar of Sif Muna.
  1795 | D:3      | Reached ** piety under Trog
  1912 | D:3      | Reached skill level 5 in Polearms
  1912 | D:3      | Reached XP level 4. HP: 41/41 MP: 3/3
  1964 | D:3      | Noticed Terence
  1970 | D:3      | Killed Terence
  1981 | D:3      | HP: 3/61 [orc (1)]
  1982 | D:3      | Reached XP level 5. HP: 3/47 MP: 4/4
  1984 | D:3      | Reached skill level 5 in Fighting
  2307 | D:3      | Found a glowing silver altar of Zin.
  2650 | D:3      | Noticed Natasha
  2657 | D:3      | Killed Natasha
  2695 | D:3      | Noticed Natasha
  2708 | D:3      | Killed Natasha
  3248 | D:4      | Noticed Blork the orc
  3255 | D:4      | Killed Blork the orc
  3255 | D:4      | Reached skill level 1 in Stealth
  3255 | D:4      | Reached XP level 6. HP: 55/56 MP: 5/5
  3330 | D:4      | Found a staircase to the Ecumenical Temple.
  3397 | D:4      | Reached skill level 1 in Maces & Flails
  3616 | D:4      | Found a basalt altar of Yredelemnul.
  3661 | D:4      | Noticed Purgy
  3674 | D:4      | Killed Purgy
  3674 | D:4      | Reached skill level 2 in Maces & Flails
  3762 | D:4      | Found a bloodstained altar of Trog.
  3885 | D:4      | Noticed Edmund
  3897 | D:4      | Killed Edmund
  3897 | D:4      | Reached skill level 3 in Maces & Flails
  3897 | D:4      | Reached XP level 7. HP: 51/61 MP: 6/6
  3916 | Temple   | Entered the Ecumenical Temple
  4103 | D:5      | Entered Level 5 of the Dungeon
  4270 | D:5      | Reached skill level 4 in Maces & Flails
  4285 | D:5      | Reached skill level 5 in Maces & Flails
  4461 | D:5      | Noticed Menkaure
  4467 | D:5      | Killed Menkaure
  4467 | D:5      | Reached skill level 6 in Maces & Flails
  4467 | D:5      | Reached XP level 8. HP: 54/70 MP: 7/7
  4556 | D:5      | Reached skill level 5 in Armour
  4833 | D:5      | Found a shattered altar of Ashenzari.
  4833 | D:5      | Found an ancient bone altar of Kikubaaqudgha.
  4859 | D:5      | Reached skill level 7 in Maces & Flails
  4964 | D:5      | Found a transporter.
  4964 | D:5      | Noticed LostGamesStreakFreak's ghost (novice MfGl)
  4966 | D:5      | Identified the +6 great mace "Wyheilaf" {drain, rPois Int+7
                  | Dex-2}
  4989 | D:5      | Found a transporter.
  4995 | D:5      | Reached skill level 8 in Maces & Flails
  5000 | D:5      | Killed LostGamesStreakFreak's ghost
  5000 | D:5      | Reached skill level 9 in Maces & Flails
  5315 | D:6      | Reached *** piety under Trog
  5326 | D:6      | Reached XP level 9. HP: 75/75 MP: 8/8
  5469 | D:6      | Noticed a manticore
  5477 | D:6      | Killed a manticore
  5477 | D:6      | Reached skill level 10 in Maces & Flails
  5681 | D:6      | You fall into a shaft and drop 3 floors!
  5796 | D:8      | Reached skill level 11 in Maces & Flails
  6216 | D:6      | Reached **** piety under Trog
  6330 | D:7      | Noticed Duvessa
  6330 | D:7      | Noticed Dowan
  6333 | D:7      | Killed Dowan
  6347 | D:7      | Killed Duvessa
  6512 | D:7      | Reached skill level 12 in Maces & Flails
  6646 | D:7      | Noticed Harold
  6659 | D:7      | Killed Harold
  6659 | D:7      | Reached XP level 10. HP: 73/86 MP: 9/9
  7637 | D:8      | Reached skill level 13 in Maces & Flails
  7650 | D:8      | Noticed Maggie
  7666 | D:8      | Killed Maggie
  7866 | D:8      | Got a steaming falchion
  7915 | D:8      | Reached skill level 14 in Maces & Flails
  7959 | D:8      | Noticed a three-headed hydra
  7967 | D:8      | Killed a three-headed hydra
  8290 | D:8      | Reached ***** piety under Trog
  8290 | D:8      | Received a gift from Trog
  8801 | D:9      | Reached XP level 11. HP: 69/94 MP: 7/10
  9023 | D:9      | Found a staircase to the Orcish Mines.
  9068 | D:9      | Reached skill level 15 in Maces & Flails
  9586 | Orc:1    | Entered Level 1 of the Orcish Mines
  9587 | Orc:1    | Noticed an orc sorcerer
  9594 | Orc:1    | Noticed an orc sorcerer
  9603 | Orc:1    | Killed an orc sorcerer
  9611 | Orc:1    | Slain by an orc warrior

Levels and vault maps discovered:
D:1:      lightli_arrival_statuegarden, layout_basic, chequers_big_river
D:2:      layout_loops_cross, lemuel_round_altar
D:3:      layout_basic, lemuel_coloured_pillars_altar, minmay_pentomino_pile,
          uniq_natasha, uniq_terence
D:4:      layout_basic, kennysheep_mini, marbit_many_paths,
          minmay_temple_entry_tees, chequers_decorated_corner,
          uniq_blork_the_orc, uniq_edmund, uniq_purgy
D:5:      layout_basic, gammafunk_temple_overflow_elements, first_ration,
          gammafunk_ghost_smash, uniq_menkaure
D:6:      layout_basic, minmay_three_doors
D:7:      layout_rooms, serial_curves, eino_curves_02, eino_curves_01,
          eino_curves_01, eino_curves_03, nicolae_ossuary_entry_catacombs,
          uniq_duvessa, uniq_harold
D:8:      layout_basic, hangedman_ranch [blue_anna_fruit_fields], uniq_maggie
D:9:      layout_gridville
Temple:   eino_temple_scatter_basement
Orc:1:    layout_caves

Skill      XL: |  1  2  3  4  5  6  7  8  9 10 11 |
---------------+----------------------------------+-----
Polearms       | 4 5 6 |  6.5
Fighting       | 4 5 6 7 8 |  8.3
Armour         | 3 4 6 7 8 |  8.8
Dodging        | 3 |  3.8
Stealth        | 1 |  1.4
Maces & Flails | 3 6 9 12 14 15 | 15.3
Unarmed Combat | |  0.7

Action                   |  1- 3 |  4- 6 |  7- 9 | 10-12 || total
-------------------------+-------+-------+-------+-------++-------
Melee: Spear             |    85 |    50 |       |       ||   135
       Headbutt          |    14 |    17 |    27 |    37 ||    95
       Flail             |       |    50 |    81 |       ||   131
       Great mace        |       |       |   114 |   149 ||   263
       Unarmed           |       |       |     5 |       ||     5
Invok: Berserk           |     1 |     2 |     3 |     3 ||     9
       Trog's Hand       |       |     1 |       |     2 ||     3
       Brothers in Arms  |       |       |     1 |     1 ||     2
  Use: Scroll            |       |       |       |     1 ||     1
       Potion            |       |       |       |     1 ||     1
  Eat: Chunk             |     4 |     8 |    12 |     8 ||    32
       Ration            |       |       |       |     1 ||     1
Armor: Animal skin       |     6 |       |       |       ||     6
       Leather armour    |    13 |     2 |       |       ||    15
       Plate armour      |       |    51 |   122 |   107 ||   280
       Skin              |       |       |     2 |       ||     2
Dodge: Dodged            |    44 |    38 |    78 |    56 ||   216

Table legend:
 A = Non-vault XP
 B = Vault XP
 C = Vault XP percentage of total XP
 D = Non-vault monster count
 E = Vault monster count
 F = Vault count percentage of total count
                 A         B        C        D         E       F
            +---------+---------+-------+---------+---------+-------
      Total |    7105 |    6121 |  46.3 |     162 |      37 |  18.6
            +---------+---------+-------+---------+---------+-------
        D:1 |      33 |       0 |   0.0 |      15 |       0 |   0.0
        D:2 |      33 |       0 |   0.0 |      10 |       0 |   0.0
        D:3 |     153 |     122 |  44.4 |      16 |       8 |  33.3
        D:4 |      77 |     418 |  84.4 |       8 |       4 |  33.3
        D:5 |     938 |     820 |  46.6 |      22 |       4 |  15.4
        D:6 |     754 |     823 |  52.2 |      17 |       3 |  15.0
        D:7 |     203 |    1383 |  87.2 |      10 |       9 |  47.4
        D:8 |    1768 |    2555 |  59.1 |      35 |       9 |  20.5
        D:9 |    2069 |       0 |   0.0 |      17 |       0 |   0.0
      Orc:1 |    1077 |       0 |   0.0 |      12 |       0 |   0.0
            +---------+---------+-------+---------+---------+-------
